 Dungeon Crawl Stone Soup version 0.30-a0-778-g2ef04afb54 (webtiles) character file.

Game seed: 1784258427876627001

95 Heoruswealwe the Caller (level 4, 0/24 HPs)
             Began as a Deep Elf Summoner on Feb 15, 2023.
             Was a Follower of Sif Muna.
             Slain by Grinder (3 damage)
             ... on level 3 of the Dungeon.
             The game lasted 00:32:20 (3463 turns).

Heoruswealwe the Caller (Deep Elf Summoner)         Turns: 3463, Time: 00:32:21

Health: 0/24       AC:  2    Str:  5    XL:     4   Next: 39%
Magic:  10/11      EV: 12    Int: 22    God:    Sif Muna [*.....]
Gold:   101        SH:  0    Dex: 15    Spells: 6/10 levels left

rFire   + . .      SeeInvis .    n - +0 mace (freeze)
rCold   + . .      Faith    .    (no shield)
rNeg    . . .      Spirit   .    a - +0 robe
rPois   .          Reflect  .    (no helmet)
rElec   .          Harm     .    s - scarf {rC+ rF+}
rCorr   .          Rampage  .    (no gloves)
Will    .....                    (no boots)
Stlth   ++                       k - amulet of magic regeneration
HPRegen 0.24/turn                (no ring)
MPRegen 0.52/turn                (no ring)

@: very slightly contaminated
A: no striking features
a: Renounce Religion, Channel Magic


You were on level 3 of the Dungeon.
You worshipped Sif Muna.
Sif Muna was aware of your devotion.
You visited 1 branch of the dungeon, and saw 3 of its levels.

You collected 101 gold pieces.

Inventory:

Hand Weapons
 c - a +0 hand axe
 d - a +0 dagger
 h - a +0 dagger
 j - a +0 dagger
 m - a +0 club
 n - a +0 mace of freezing (weapon)
 p - a +0 sling
 r - a +0 dagger
 u - a +0 club
 w - a +0 sling
 x - a +0 dagger
 y - a +0 dagger
 A - a +0 club
 B - a +0 whip
 C - a +0 dagger
 F - a +0 club
 G - a +0 dagger
Missiles
 i - 8 stones
 t - a throwing net
Armour
 a - a +0 robe (worn)
 e - a +0 ring mail
 o - a +0 leather armour
 q - a +0 robe
 s - a scarf of resistance (worn)
 v - a +0 robe
 E - a +0 ring mail
Jewellery
 k - an amulet of magic regeneration (around neck)
Scrolls
 f - 2 scrolls of teleportation
 l - a scroll of blinking
Potions
 b - 2 potions of magic
 g - a potion of heal wounds


   Skills:
 + Level 0.2 Fighting
 + Level 0.4 Long Blades
 + Level 2.6 Dodging
 + Level 2.7 Stealth
 * Level 3.5 Spellcasting
 + Level 0.8 Conjurations
 + Level 1.3 Hexes
 * Level 4.7 Summonings
 + Level 0.3 Necromancy
 + Level 0.9 Translocations
 + Level 0.2 Transmutations
 + Level 0.4 Fire Magic
 + Level 0.8 Ice Magic
 + Level 0.8 Air Magic
 + Level 0.3 Earth Magic
 + Level 0.3 Poison Magic
 + Level 0.4 Invocations
 + Level 0.3 Evocations


You had 6 spell levels left.
You knew the following spells:

 Your Spells              Type           Power      Damage    Failure   Level
a - Summon Small Mammal   Summ           96%        N/A       1%          1
b - Call Canine Familiar  Summ           24%        N/A       4%          3

Your spell library contained the following spells:

 Spells                   Type           Power      Damage    Failure   Level
 Call Imp                 Summ           24%        N/A       2%          2
 Freeze                   Ice            28%        1d5       9%          1
 Summon Guardian Golem    Hex/Summ       17%        N/A       10%         3
 Tukima's Dance           Hex            9%         N/A       21%         3
 Portal Projectile        Hex/Tloc       16%        N/A       22%         3
 Frozen Ramparts          Ice            14%        1d3       26%         3
 Hailstorm                Conj/Ice       7%         3d4       26%         3
 Summon Lightning Spire   Summ/Air       16%        N/A       36%         4
 Blade Hands              Tmut           2%         N/A       96%         5


Dungeon Overview and Level Annotations

Branches:
Dungeon (3/15)

Altars:
Sif Muna

Annotations:
D:3 Grinder


Message History

You suddenly lose the ability to move!
Grinder hits your hound.
Your hound writhes in agony.
Your hound barely misses Grinder.
Your hound closely misses Grinder.
Grinder misses your hound.
Your hound barely misses Grinder.
A ball python comes into view.
Grinder misses your hound.
Your hound barely misses Grinder.
You can move again.
Your hound bites Grinder.
Grinder hits your hound!
Your hound dies!
Your hound's corpse disappears in a puff of smoke!
Casting: Call Canine Familiar (quite dangerous; 4% risk of failure)
Confirm with . or Enter, or press ? or * to list all spells.
The spell is quite dangerous to miscast (4% risk of failure)!
Continue anyway?
You miscast Call Canine Familiar.
You are very lightly contaminated with residual magic.
Nothing appears to happen.
Casting: Call Canine Familiar (quite dangerous; 4% risk of failure)
Confirm with . or Enter, or press ? or * to list all spells.
The spell is quite dangerous to miscast (4% risk of failure)!
Continue anyway?
Grinder says, "My boss said I was rubbish.
His entrails said otherwise."
Your hound barely misses the ball python.
You sock the ball python! You freeze the ball python.
You kill the ball python!
Sif Muna accepts your kill. Grinder gestures at you.
Your hound suddenly stops moving!
Grinder hits your hound. Grinder hits you!
You writhe in agony.
You hit Grinder.
Grinder is lightly wounded.
Grinder gestures at you.
You barely resist. You closely miss Grinder.
Grinder is lightly wounded.
Grinder says, "DUCK!"
Grinder hits you!
* * * LOW HITPOINT WARNING * * *
You writhe in agony.
You die...

####......# ..........+
+..... ..........#
#....# ..........#
....## ....##....#
....# ....##.#### #...#
....<#.# #...# ######.#
#..5# .....†.#
#.@h##### ###..######
#.......# ..........#
#.......# ..........#
#.......# ..........#
#......[# ..........#
#.......# ..........###
#.......# ............#
#.......#
............###.......#


You could see Grinder (ally target) and a friendly hound (summoned, paralysed).

Vanquished Creatures
  An adder (D:2)
  A worm (D:2)
  3 ball pythons
  A bat (D:1)
  An endoplasm (D:1)
  2 goblins
  2 hobgoblins (D:1)
  A frilled lizard (D:3)
  A rat (D:1)
  4 bushes (D:1)
17 creatures vanquished.

Vanquished Creatures (collateral kills)
  3 adders
  A worm (D:2)
  2 dart slugs (D:2)
  A bat (D:1)
  4 endoplasms
  A giant cockroach (D:2)
  6 goblins
  5 hobgoblins
  A quokka (D:2)
  A ball python (D:1)
  2 frilled lizards
  3 kobolds
  3 rats (D:1)
33 creatures vanquished.

Vanquished Creatures (others)
  18 fungi (D:2)
  4 plants (D:1)
  4 toadstools (D:1)
26 creatures vanquished.

Grand Total: 76 creatures vanquished

Notes
Turn   | Place    | Note
-------+----------+-------------------------------------------
     0 | D:1      | Heoruswealwe the Deep Elf Summoner began the quest for the
                  | Orb.
     0 | D:1      | Reached XP level 1. HP: 10/10 MP: 6/6
   230 | D:1      | Reached XP level 2. HP: 15/15 MP: 8/8
   540 | D:1      | Found a faded altar of an unknown god.
   561 | D:1      | Prayed at the altar of an unknown god.
   561 | D:1      | Became a worshipper of Sif Muna the Loreminder
   561 | D:1      | Reached * piety under Sif Muna
  2280 | D:2      | Reached XP level 3. HP: 19/19 MP: 7/9
  2436 | D:2      | Learned a level 3 spell: Call Canine Familiar
  2491 | D:1      | You fall into a shaft and drop 1 floor!
  2558 | D:2      | Reached skill level 1 in Hexes
  2874 | D:2      | Reached XP level 4. HP: 24/24 MP: 11/11
  3163 | D:2      | Learned a level 3 spell: Call Canine Familiar
  3447 | D:3      | Noticed Grinder
  3449 | D:3      | Paralysed by Grinder for 5 turns
  3463 | D:3      | Slain by Grinder

Illustrated notes

Levels and vault maps discovered:
D:1:      ldierk_walled_garden_2, layout_basic, ebering_ecumenical_altar_mist
D:2:      layout_rooms, dreamdust_mushroom_princess
D:3:      layout_basic, grunt_ministairs_5, uniq_grinder

Skill      XL: |  1  2  3 |
---------------+----------+-----
Hexes          | 1 |  1.3
Fighting       | |  0.2
Long Blades    | |  0.4
Dodging        | |  2.6
Stealth        | |  2.7
Spellcasting   | |  3.5
Conjurations   | |  0.8
Summonings     | |  4.7
Necromancy     | |  0.3
Translocations | |  0.9
Transmutations | |  0.2
Fire Magic     | |  0.4
Ice Magic      | |  0.8
Air Magic      | |  0.8
Earth Magic    | |  0.3
Poison Magic   | |  0.3
Invocations    | |  0.4
Evocations     | |  0.3

Action                     |  1- 3 |  4- 6 || total
---------------------------+-------+-------++-------
  Melee: Hand axe          |  1106 |       ||  1106
         Punch             |    13 |       ||    13
         Mace              |    77 |     5 ||    82
   Cast: Summon Small Mamm |    22 |       ||    22
         Call Canine Famil |     5 |     5 ||    10
    Use: Scroll            |     3 |     6 ||     9
         Potion            |     1 |     1 ||     2
   Stab: Distracted        |     1 |       ||     1
 Armour: Robe              |    11 |     1 ||    12
  Dodge: Dodged            |    25 |     3 ||    28

Table legend: (Time is in decaauts)
 A = Elapsed time spent in this place.
 B = Non-inter-level travel time spent in this place.
 C = Inter-level travel time spent in this place.
 D = Time resting spent in this place.
 E = Time spent auto-exploring this place.
 F = Levels seen in this place.
 G = Mean time per level.
                   A        B        C        D        E       F      G
               +--------+--------+--------+--------+--------+-----+--------+
         Total |   3846 |   3734 |    112 |    143 |      0 |   3 | 1282.0 |
       Dungeon |   3846 |   3734 |    112 |    143 |      0 |   3 | 1282.0 |
               +--------+--------+--------+--------+--------+-----+--------+

Top non-repeatable levels by time:
     D:1: 2623 daAuts
     D:2: 1064 daAuts
     D:3: 157 daAuts
